 Dungeon Crawl Stone Soup version 0.19.0-24-gb05acd6 (webtiles) character file.

1503 JeffiDaFish the Shield-Bearer (level 8, -2/49 HPs)
             Began as a Gargoyle Fighter on Nov 21, 2016.
             Slain by GlenndL's ghost (6 damage)
             ... on level 7 of the Dungeon.
             The game lasted 00:11:00 (4918 turns).

JeffiDaFish the Shield-Bearer (Gargoyle Fighter)    Turns: 4918, Time: 00:11:01

Health: -2/49      AC: 21    Str: 21    XL:     8   Next: 82%
Magic:  8/8        EV:  5    Int:  9    God:
Gold:   336        SH: 11    Dex: 10    Spells: 0 memorised, 7 levels left

rFire  . . .     SeeInvis .     g - +1 morningstar (curse)
rCold  . . .     Gourm    .     j - +0 plate armour
rNeg   + . .     Faith    .     c - +1 shield
rPois  ∞         Spirit   .     l - +2 helmet
rElec  +         Reflect  .     (no cloak)
rCorr  .         Harm     .     (no gloves)
MR     .....                    (no boots)
Stlth  ..........               (no amulet)
                                (no ring)
                                (no ring)

@: very slightly contaminated
A: negative energy resistance 1, electricity resistance, unbreathing,
petrification resistance, rot immunity, AC +5
a: no special abilities


You were on level 7 of the Dungeon.
You were not hungry.

You visited 1 branch of the dungeon, and saw 7 of its levels.

You collected 336 gold pieces.

Inventory:

Hand Weapons
 g - a cursed +1 morningstar (weapon)
 q - a +3 flail
Armour
 c - a +1 shield (worn)
 j - a +0 plate armour (worn)
 l - a +2 helmet (worn)
Scrolls
 i - 7 scrolls of identify
 n - 2 scrolls of fog
 o - a scroll of teleportation
 p - a scroll of remove curse
Potions
 b - a potion of flight
 e - 2 potions of curing
Comestibles
 d - 5 fruits
 f - 5 bread rations
 h - 3 meat rations


   Skills:
 + Level 5.2 Fighting
 + Level 6.7 Maces & Flails
 + Level 6.0 Armour
 + Level 1.0 Dodging
 + Level 0.5 Stealth
 + Level 7.1 Shields


You had 7 spell levels left.
You didn't know any spells.

Dungeon Overview and Level Annotations

Branches:
Dungeon (7/15)
 Temple: D:4-7

Altars:
Hepliaklqana
Ru
Zin

Annotations:
D:7 GlenndL's ghost, novice GrBe


Innate Abilities, Weirdness & Mutations

You are resistant to torment.
Your stone body is resilient. (AC +5)
You are immune to poison.
You resist negative energy. (rN+)
You are resistant to electric shocks. (rElec)
You can survive without breathing.
You are immune to petrification.
You are immune to rotting.


Message History

GlenndL's ghost hits you but does no damage.
Your shield and plate armour prevent you from hitting GlenndL's ghost.
GlenndL's ghost is moderately damaged.
GlenndL's ghost hits you but does no damage.
You miss GlenndL's ghost.
GlenndL's ghost is moderately damaged.
GlenndL's ghost hits you but does no damage.
You miss GlenndL's ghost.
GlenndL's ghost is moderately damaged.
GlenndL's ghost hits you.
* * * LOW HITPOINT WARNING * * *
You barely miss GlenndL's ghost.
GlenndL's ghost is moderately damaged.
GlenndL's ghost hits you!
* * * LOW HITPOINT WARNING * * *
GlenndL's ghost hits you but does no damage.
You barely miss GlenndL's ghost.
GlenndL's ghost is moderately damaged.
GlenndL's ghost hits you.
You die...

.......#.......###
...#
.................#
..# ....#.....# .#
....#.....# ...
#.....# ###
....#[....# ....
...........# .....
.....##....#......
.....!....@.......
#......####W......
#...... .......
#...... ...=...
...... .......
...## .#+#### .#
.#


You could see GlenndL's ghost.

Vanquished Creatures
  Pikel (D:5)
  A sky beast (D:5)
  An ogre (D:5)
  A centaur (D:5)
  A wyvern zombie (D:7)
  3 vampire bats (D:3)
  3 wights (D:6)
  A bullfrog zombie (D:5)
  2 orc wizards (D:5)
  A gnoll shaman (D:6)
  An orc priest (D:3)
  A bullfrog skeleton (D:4)
  Jessica (D:3)
  2 worker ants
  Robin (D:3)
  A worker ant zombie (D:6)
  7 gnolls
  7 adders
  2 oozes
  2 worms
  6 dart slugs
  3 leopard geckos
  6 orcs
  8 bats
  4 giant cockroaches
  11 hobgoblins
  7 jackals
  8 kobolds
  A quokka (D:2)
  2 ball pythons
  5 frilled lizards
  7 goblins
  A jackal skeleton (D:4)
  A leopard gecko skeleton (D:7)
  5 rats
115 creatures vanquished.

Notes
Turn   | Place    | Note
-------+----------+-------------------------------------------
     0 | D:1      | JeffiDaFish the Gargoyle Fighter began the quest for the Orb.
     0 | D:1      | Reached XP level 1. HP: 14/14 MP: 1/1
    67 | D:1      | Reached XP level 2. HP: 19/19 MP: 2/2
   330 | D:1      | Reached XP level 3. HP: 21/23 MP: 3/3
  1639 | D:3      | Noticed Jessica
  1644 | D:3      | Killed Jessica
  1644 | D:3      | Reached skill level 4 in Shields
  1644 | D:3      | Reached XP level 4. HP: 29/29 MP: 4/4
  1661 | D:3      | Noticed Robin
  1754 | D:3      | Killed Robin
  1764 | D:3      | Reached XP level 5. HP: 33/33 MP: 5/5
  1892 | D:3      | Reached XP level 6. HP: 12/38 MP: 6/6
  2127 | D:3      | Reached skill level 5 in Shields
  2782 | D:4      | Found a sacrificial altar of Ru.
  2892 | D:4      | Found a hazy altar of Hepliaklqana.
  3084 | D:5      | Entered Level 5 of the Dungeon
  3096 | D:5      | Reached XP level 7. HP: 27/44 MP: 7/7
  3404 | D:5      | Reached skill level 5 in Maces & Flails
  3404 | D:5      | Reached skill level 6 in Shields
  3616 | D:5      | Found a faded altar of an unknown god.
  3616 | D:5      | Found a faded altar of an unknown god.
  3621 | D:5      | Found a glowing silver altar of Zin.
  3623 | D:5      | Found a faded altar of an unknown god.
  3624 | D:5      | Found a faded altar of an unknown god.
  3721 | D:5      | Reached skill level 5 in Armour
  3825 | D:5      | Noticed Pikel
  3833 | D:5      | Killed Pikel
  3833 | D:5      | Reached skill level 5 in Fighting
  3833 | D:5      | Reached skill level 1 in Dodging
  3833 | D:5      | Reached XP level 8. HP: 49/49 MP: 8/8
  4435 | D:6      | Reached skill level 7 in Shields
  4872 | D:7      | Noticed GlenndL's ghost (novice GrBe)
  4918 | D:7      | Slain by GlenndL's ghost

Skill      XL: |  1  2  3  4  5  6  7  8 |
---------------+-------------------------+-----
Maces & Flails | 3 4 6 |  6.7
Shields        | 4 5 6 7 |  7.1
Armour         | 4 5 6 |  6.0
Fighting       | 4 5 |  5.2
Dodging        | 1 |  1.0
Stealth        | |  0.5

Action                   |  1- 3 |  4- 6 |  7- 9 || total
-------------------------+-------+-------+-------++-------
Melee: Flail             |   138 |   282 |   145 ||   565
       Morningstar       |       |       |    52 ||    52
  Use: Potion            |     3 |     2 |     6 ||    11
       Scroll            |     7 |     3 |     6 ||    16
  Eat: Chunk             |     3 |     5 |     3 ||    11
       Meat ration       |       |       |     1 ||     1
Armor: Scale mail        |    46 |       |       ||    46
       Plate armour      |    51 |   342 |    96 ||   489
Dodge: Dodged            |    32 |    77 |    33 ||   142
Block: Shield            |    82 |   210 |    99 ||   391
